 Dungeon Crawl Stone Soup version 0.30-a0-777-ga9a30cbeda (webtiles) character file.

Game seed: 4960009504182682539

9952 avis the Skirmisher (level 11, -2/89 HPs)
             Began as a Demigod Hunter on Feb 13, 2023.
             Slain by a purple ugly thing (14 damage)
             ... on level 11 of the Dungeon.
             The game lasted 01:16:52 (13213 turns).

avis the Skirmisher (Demigod Hunter)               Turns: 13213, Time: 01:16:53

Health: -2/89      AC: 15    Str: 18    XL:     11   Next: 9%
Magic:  15/17      EV: 17    Int: 11    God:
Gold:   690        SH:  0    Dex: 29    Spells: 9/14 levels left

rFire   . . .      SeeInvis .    b - +0 shortbow
rCold   . . .      Faith    .    (shield currently unavailable)
rNeg    . . .      Spirit   .    O - +0 acid dragon scales
rPois   .          Reflect  .    m - +0 helmet
rElec   .          Harm     .    (no cloak)
rCorr   +          Rampage  .    (no gloves)
Will    +....                    g - +0 pair of boots
Stlth   ++++                     l - amulet of the acrobat
HPRegen 0.34/turn                E - +4 ring of protection
MPRegen 0.15/turn                c - +6 ring of strength

@: ice-armoured
A: high MP 1, forlorn, divine attributes
a: no special abilities


You were on level 11 of the Dungeon.
You visited 2 branches of the dungeon, and saw 12 of its levels.

You collected 895 gold pieces.
You spent 205 gold pieces at shops.

Inventory:

Hand Weapons
 a - a +4 vampiric dagger
 b - a +0 shortbow (weapon)
 v - a +2 mace of draining
 w - a +0 heavy falchion
 H - a +0 short sword of speed
 I - a +0 short sword of draining
Missiles
 k - 2 curare-tipped darts
 n - 14 poisoned darts
 B - 4 throwing nets
Armour
 g - a +0 pair of boots (worn)
 m - a +0 helmet (worn)
 t - +0 steam dragon scales
 O - +0 acid dragon scales (worn)
Jewellery
 c - a +6 ring of strength (right hand)
 l - an amulet of the acrobat (around neck)
 E - a +4 ring of protection (left hand)
Wands
 r - a wand of mindburst (15)
 G - a wand of paralysis (24)
 L - a wand of quicksilver (11)
 N - a wand of flame (7)
Scrolls
 d - 6 scrolls of poison {unknown}
 h - 10 scrolls of teleportation
 j - 3 scrolls of fog
 p - 2 scrolls of magic mapping {unknown}
 q - 3 scrolls of fear
 y - a scroll of blinking {unknown}
 A - 3 scrolls of vulnerability {unknown}
 D - a scroll of immolation
 J - 3 scrolls of identify
Potions
 e - 4 potions of curing
 f - 3 potions of might
 i - a potion of ambrosia
 o - a potion of flight {unknown}
 s - 2 potions of heal wounds {unknown}
 u - 2 potions of brilliance {unknown}
 x - 2 potions of haste {unknown}
 z - 2 potions of cancellation
 C - 3 potions of mutation {unknown}
 F - 4 potions of berserk rage
 K - a potion of invisibility {unknown}
 M - 2 potions of degeneration {unknown}


   Skills:
 - Level 6.0 Fighting
 * Level 12.1 Ranged Weapons
 - Level 6.0 Dodging
 - Level 6.0 Stealth
 - Level 2.0 Spellcasting
 - Level 2.0 Transmutations
 - Level 5.0 Ice Magic


You had 9 spell levels left.
You knew the following spells:

 Your Spells              Type           Power      Damage    Failure   Level
e - Wereblood             Tmut           5%         N/A       26%         2
o - Ozocubu's Armour      Ice            12%        N/A       14%         3

Your spell library contained the following spells:

 Spells                   Type           Power      Damage    Failure   Level
 Ensorcelled Hibernation  Hex/Ice        12%        N/A       21%         2
 Sting                    Tmut/Pois      12%        1d3       26%         1
 Apportation              Tloc           2%         N/A       36%         1
 Foxfire                  Conj/Fire      4%         2x1d4     36%         1
 Necrotise                Necr           4%         1d4       36%         1
 Summon Small Mammal      Summ           4%         N/A       36%         1
 Passwall                 Tmut/Erth      2%         N/A       36%         2
 Lesser Beckoning         Tloc           2%         N/A       50%         2
 Poisonous Vapours        Pois/Air       2%         N/A       50%         2
 Scorch                   Fire           2%         2d5       50%         2
 Sublimation of Blood     Necr           1%         N/A       50%         2
 Call Canine Familiar     Summ           1%         N/A       75%         3
 Gell's Gravitas          Tloc           1%         N/A       75%         3
 Inner Flame              Hex/Fire       1%         N/A       75%         3
 Summon Guardian Golem    Hex/Summ       1%         N/A       75%         3
 Swiftness                Air            1%         N/A       75%         3
 Teleport Other           Tloc           1%         N/A       75%         3
 Flame Wave               Conj/Fire      1%         2d4       98%         4
 Olgreb's Toxic Radiance  Pois           1%         N/A       98%         4
 Sticky Flame             Conj/Fire      1%         2d3       98%         4
 Metabolic Englaciation   Hex/Ice        3%         N/A       98%         5
 Fireball                 Conj/Fire      0%         3d3       100%        5
 Simulacrum               Ice/Necr       3%         N/A       100%        6
 Starburst                Conj/Fire      0%         6d3       100%        6
 Summon Cactus Giant      Summ           0%         N/A       100%        6
 Summon Hydra             Summ           0%         N/A       100%        7


Dungeon Overview and Level Annotations

Branches:
Dungeon (11/15)            Temple (1/1) D:5             Orc (0/2) D:9
   Lair: D:8-11

Shops:
D:4 ?

Annotations:
D:10 1 runed translucent door, ragingrage's ghost, novice TrCK
D:11 exclusion: oklob plant


Innate Abilities, Weirdness & Mutations

You have an increased reservoir of magic. (+10% MP)
You shall have no god before yourself.
Your divine heritage dramatically boosts your attributes as you level up.


Message History

Press: ? - help, Q - select action, (/) - cycle Shift-Dir - straight line, f/p - purple ugly thing
Aim: a purple ugly thing (severely wounded, 73% to hit)
You shoot an arrow.
The arrow barely misses the purple ugly thing.
A centaur comes into view.
The purple ugly thing claws you but does no damage.
Fire: b) +0 shortbow
Press: ? - help, Q - select action, (/) - cycle Shift-Dir - straight line, f/p - purple ugly thing
Aim: a purple ugly thing (severely wounded, 73% to hit)
You shoot an arrow. The arrow hits the purple ugly thing.
The purple ugly thing is severely wounded.
The centaur wields a +0 shortbow.
The centaur shoots an arrow.
The arrow hits you but does no damage. The purple ugly thing misses you.
The shadow strikes at you from the darkness!
Reactivating autopickup.
Fire: b) +0 shortbow
Press: ? - help, Q - select action, (/) - cycle Shift-Dir - straight line, f/p - purple ugly thing
Aim: a purple ugly thing (severely wounded, 73% to hit)
You shoot an arrow. The arrow hits the purple ugly thing!
The purple ugly thing is almost dead.
The centaur shoots an arrow.
The arrow hits you but does no damage. The purple ugly thing claws you!
The shadow hits you.
Fire: b) +0 shortbow
Press: ? - help, Q - select action, (/) - cycle Shift-Dir - straight line, f/p - purple ugly thing
Aim: a purple ugly thing (almost dead, 73% to hit)
You shoot an arrow.
The arrow barely misses the purple ugly thing.
The purple ugly thing claws you.
The centaur shoots an arrow.
The arrow hits you!
* * * LOW HITPOINT WARNING * * *
The shadow closely misses you.
Fire: b) +0 shortbow
Press: ? - help, Q - select action, (/) - cycle Shift-Dir - straight line, f/p - purple ugly thing
Aim: a purple ugly thing (almost dead, 73% to hit)
You shoot an arrow.
The arrow barely misses the purple ugly thing.
The centaur shoots an arrow.
The arrow hits you!
* * * LOW HITPOINT WARNING * * *
The purple ugly thing claws you!
You die...

.....#≈..P P..≈#.. #
#>..#..PPP.P..#..
#.####.....## ..##....
##...........#...#.....
..W........#...≈...#...
...####.....#######.... .
#................
....####u...............
#..c.@W...............
#....#######'##.##.#..
#....#........#.##.#..
#....#........#..#.#..
#....#........#....... #..
#....#........#...†...
#....####....#........#..#.#..
#............#........#.##....
#....####.##.#........#.......


You could see a purple ugly thing, a shadow and a centaur.

Vanquished Creatures
  A two-headed ogre (D:10)
  Pikel (D:5)
  Maggie (D:6)
  An unseen horror (D:10)
  Prince Ribbit (D:9)
  Grinder (D:5)
  A hornet (D:7)
  A jumping spider (shapeshifter) (D:8)
  A shadow (D:11)
  A wyvern (D:9)
  5 wraiths
  9 yaks
  2 steam dragons
  An acid dragon (D:11)
  Duvessa (D:6)
  2 water moccasins
  5 orc warriors
  An ice beast (D:6)
  3 sky beasts
  2 black bears
  4 ogres
  5 centaurs (D:11)
  2 phantoms
  2 gnoll sergeants (D:7)
  2 bullfrogs
  2 necrophages (D:4)
  2 scorpions
  4 wights (D:8)
  Dowan (D:6)
  6 killer bees
  4 electric eels (D:9)
  2 howler monkeys (D:3)
  3 jellies
  7 orc priests
  4 hounds
  2 gnoll boudas
  Jessica (D:2)
  14 orc wizards
  2 iguanas
  35 gnolls
  6 adders
  2 shadow imps
  A white imp (D:6)
  An ufetubus (D:5)
  2 worms
  64 orcs
  3 ball pythons
  6 endoplasms
  6 giant cockroaches
  3 goblins
  3 hobgoblins
  15 jackals
  5 kobolds
  A quokka (D:2)
  2 training dummies (D:6)
  5 bats
  A frilled lizard (D:2)
  2 rats
273 creatures vanquished.

Vanquished Creatures (others)
  An orc (D:11)
  22 plants
  2 withered plants (D:10)
25 creatures vanquished.

Grand Total: 298 creatures vanquished

Notes
Turn   | Place    | Note
-------+----------+-------------------------------------------
     0 | D:1      | avis the Demigod Hunter began the quest for the Orb.
     0 | D:1      | Reached XP level 1. HP: 17/17 MP: 3/3
   412 | D:1      | Found Zuob Rov's Antique Armour Shoppe.
   532 | D:2      | Noticed Jessica
   672 | D:2      | Reached skill level 4 in Ranged Weapons
   803 | D:2      | Reached XP level 2. HP: 24/24 MP: 4/4
  1051 | D:2      | Reached skill level 1 in Stealth
  1171 | D:2      | Killed Jessica
  1172 | D:2      | Reached XP level 3. HP: 30/30 MP: 5/5
  1731 | D:3      | Reached XP level 4. HP: 38/38 MP: 6/6
  1750 | D:3      | Reached skill level 5 in Ranged Weapons
  1769 | D:3      | Reached XP level 5. HP: 41/45 MP: 7/7
  1937 | D:3      | Reached skill level 6 in Ranged Weapons
  2034 | D:3      | Noticed an ogre
  2057 | D:3      | Killed an ogre
  2058 | D:3      | Reached XP level 6. HP: 51/51 MP: 8/8
  2817 | D:4      | Reached XP level 7. HP: 50/59 MP: 9/9
  2946 | D:4      | Reached skill level 7 in Ranged Weapons
  3277 | D:4      | Found Serifop's Magic Scroll Emporium.
  3287 | D:4      | Bought a scroll of identify for 20 gold pieces
  3287 | D:4      | Bought a scroll of identify for 20 gold pieces
  3287 | D:4      | Bought a scroll of identify for 20 gold pieces
  3287 | D:4      | Bought a scroll of noise for 10 gold pieces
  3287 | D:4      | Bought a scroll of fog for 40 gold pieces
  3287 | D:4      | Bought a scroll of brand weapon for 95 gold pieces
  3489 | D:4      | Reached skill level 8 in Ranged Weapons
  3698 | D:5      | Entered Level 5 of the Dungeon
  4010 | D:5      | Noticed Grinder
  4302 | D:5      | Noticed Pikel
  4334 | D:5      | Killed Pikel
  4335 | D:5      | Reached skill level 1 in Spellcasting
  4335 | D:5      | Reached XP level 8. HP: 7/66 MP: 9/12
  4344 | D:5      | Learned a level 3 spell: Ozocubu's Armour
  4551 | D:5      | Found a staircase to the Ecumenical Temple.
  4579 | Temple   | Entered the Ecumenical Temple
  4713 | D:5      | Reached skill level 5 in Fighting
  4823 | D:5      | Killed Grinder
  5190 | D:6      | Noticed Maggie
  5407 | D:6      | Killed Maggie
  5408 | D:6      | Reached skill level 9 in Ranged Weapons
  5408 | D:6      | Reached XP level 9. HP: 32/74 MP: 13/13
  5961 | D:6      | Noticed Duvessa
  5961 | D:6      | Noticed Dowan
  5987 | D:6      | Killed Duvessa
  5997 | D:6      | Killed Dowan
  6053 | D:6      | Reached skill level 10 in Ranged Weapons
  6508 | D:6      | Reached skill level 5 in Dodging
  6608 | D:6      | Learned a level 2 spell: Wereblood
  6875 | D:6      | Reached skill level 5 in Stealth
  7236 | D:7      | Reached skill level 1 in Transmutations
  7327 | D:7      | Paralysed by a hornet for 1 turns
  7700 | Temple   | Upgraded the game from 0.30-a0-772-g5528072125 to
                  | 0.30-a0-777-ga9a30cbeda
  8012 | D:8      | Reached XP level 10. HP: 81/81 MP: 16/16
  8088 | D:8      | Reached skill level 5 in Ice Magic
  8979 | D:9      | Noticed Prince Ribbit
  8999 | D:9      | Killed Prince Ribbit
  9028 | D:9      | Reached skill level 11 in Ranged Weapons
 10042 | D:9      | Reached skill level 12 in Ranged Weapons
 10174 | D:9      | Found a staircase to the Orcish Mines.
 10984 | D:10     | Entered Level 10 of the Dungeon
 11002 | D:10     | Noticed a two-headed ogre
 11018 | D:10     | Killed a two-headed ogre
 11964 | D:10     | Found a runed translucent door.
 11964 | D:10     | Noticed ragingrage's ghost (novice TrCK)
 12508 | D:11     | Reached XP level 11. HP: 87/89 MP: 15/17
 13213 | D:11     | Slain by a purple ugly thing

Illustrated notes

Levels and vault maps discovered:
D:1:      elethiomel_arrival_shortcut, layout_basic,
          ebering_ecumenical_altar_box, serial_shops, shop
D:2:      layout_loops_corners, hangedman_decor_points, uniq_jessica
D:3:      lemuel_castle_with_subvaults [lemuel_castle_interior_carwin_1],
          layout_loops_ring, moated_statue
D:4:      layout_cave_pools, serial_shops, shop, minmay_mini_jars
D:5:      layout_cave_pods, nemelex_spade_bored_becter,
          minmay_temple_entry_crystal_x, nicolae_eternal_life, uniq_pikel,
          uniq_grinder
D:6:      dreamdust_elfheim, layout_basic, kennysheep_generic_room_7,
          uniq_maggie
D:7:      layout_cave_pools, nzn_wu_jian_council_hall
D:8:      layout_gridville
D:9:      layout_basic, mainiacjoe_overflow_catch_the_wave, hiddenorc2_lemuel,
          uniq_prince_ribbit1
D:10:     layout_long_grid, grunt_temple_overflow_open, gammafunk_ghost_grave
D:11:     layout_basic, dpeg_oklobed_lair, minivault_25
Temple:   nicolae_temple_bog_church

Skill      XL: |  1  2  3  4  5  6  7  8  9 10 11 |
---------------+----------------------------------+-----
Fighting       | 2 3 4 5 6 |  6.0
Ranged Weapons | 4 5 6 8 9 10 12 | 12.1
Dodging        | 2 3 4 5 6 |  6.0
Stealth        | 1 2 4 5 6 |  6.0
Spellcasting   | 1 2 |  2.0
Ice Magic      | 2 3 4 5 |  5.0
Transmutations | 2 |  2.0

Action                     |  1- 3 |  4- 6 |  7- 9 | 10-12 || total
---------------------------+-------+-------+-------+-------++-------
  Melee: Dagger            |       |       |    12 |       ||    12
   Fire: Shortbow          |    67 |   218 |   463 |   490 ||  1238
   Cast: Ozocubu's Armour  |       |       |    13 |     6 ||    19
    Use: Scroll            |       |     1 |     9 |       ||    10
         Potion            |       |       |     4 |       ||     4
 Armour: Leather armour    |     4 |    19 |    26 |       ||    49
         Steam dragon scal |       |       |    38 |    74 ||   112
         Acid dragon scale |       |       |       |     4 ||     4
  Dodge: Dodged            |    19 |    57 |   171 |   215 ||   462

Table legend: (Time is in decaauts)
 A = Elapsed time spent in this place.
 B = Non-inter-level travel time spent in this place.
 C = Inter-level travel time spent in this place.
 D = Time resting spent in this place.
 E = Time spent auto-exploring this place.
 F = Levels seen in this place.
 G = Mean time per level.
                   A        B        C        D        E       F      G
               +--------+--------+--------+--------+--------+-----+--------+
         Total |  13354 |  12075 |   1279 |   3396 |   5606 |  12 | 1112.8 |
       Dungeon |  13212 |  11935 |   1277 |   3291 |   5606 |  11 | 1201.1 |
        Temple |    141 |    139 |      2 |    105 |      0 |   1 |  141.0 |
               +--------+--------+--------+--------+--------+-----+--------+

Top non-repeatable levels by time:
     D:9: 2328 daAuts
     D:5: 1706 daAuts
     D:6: 1459 daAuts
     D:3: 1421 daAuts
     D:8: 1200 daAuts
     D:4: 1165 daAuts
    D:10: 1139 daAuts
     D:2: 832 daAuts
     D:7: 802 daAuts
     D:1: 605 daAuts
    D:11: 551 daAuts
  Temple: 141 daAuts
